AoeStats
← AiM | XiøFabrY

Northern Isles

510907144Analyzed
1v1 RM · 5h ago on Oct 3, 2026· 47m 4s· 2 players
Game mode
Random Map
Map size
Tiny (2 player)
Population
200
Speed
Normal
Resources
Standard
Victory
Conquest
Starting age
Dark Age
Ending age
Imperial Age
RankedLock teamsTeams togetherTeam positionsShared explorationLock speedFull tech treeHidden civsTurbo modeCheats
Victory
Defeat
🇨🇱 Italians · Chile
1231
+14
🇧🇴 Koreans · Bolivia
1194
-14
LRN1_HunterAllen
9:31 Loom
13:06 Feudal Age
17:30 Castle Age
18:43 Medium Warships
20:25 Double-Bit Axe
24:11 Stone Mining
24:12 Gold Mining
26:03 Gold Shaft Mining
26:04 Stone Shaft Mining
27:15 Bow Saw
28:49 Horse Collar
31:30 Wheelbarrow
31:38 Devotion
36:18 Imperial Age
34:40 Careening
34:43 Clinker Construction
34:59 Fletching
37:30 Heavy Warships
39:51 Chemistry
40:08 Ballistics
40:19 Dry Dock
40:13 Scale Barding Armor
40:19 Forging
42:32 Two-Man Saw
AiM | XiøFabrY
4:29 Loom
11:29 Feudal Age
11:57 Double-Bit Axe
12:11 Fishing Lines
16:33 Gold Mining
16:58 Fletching
20:15 Castle Age
21:13 Bow Saw
21:15 Medium Warships
22:12 Careening
22:12 Clinker Construction
23:40 Ballistics
23:34 Bodkin Arrow
24:25 Stone Mining
24:49 Siphons
26:07 Stone Shaft Mining
28:40 Wheelbarrow
32:11 Imperial Age
30:49 Sanctity
30:39 Fervor
32:04 Town Watch
34:38 Chemistry
34:58 Heavy Warships
39:15 Conscription
39:18 Dry Dock
40:59 Elite Cannon Galleon
44:44 Hoardings
44:42 Hand Cart
45:30 Padded Archer Armor
45:30 Bracer
Connection lost

Rejoining the realm…

Still unreachable

The connection could not be restored.

Session expired

The server has moved on; the page needs a fresh start.